 Dungeon Crawl Stone Soup version 0.28.0-62-gf88900778d (webtiles) character file.

Game seed: 15893068265525046560

6846 cbfl8 the Cleaver (level 10, -11/132 HPs)
             Began as a Minotaur Berserker on June 30, 2023.
             Was a High Priest of Trog.
             Succumbed to Sonja's poison
             ... on level 10 of the Dungeon.
             The game lasted 00:09:23 (10940 turns).

cbfl8 the Cleaver (Minotaur Berserker)             Turns: 10940, Time: 00:09:24

Health: -11/132    AC: 18    Str: 16    XL:     10   Next: 78%
Magic:  0/0        EV:  8    Int:  4    God:    Trog [*****.]
Gold:   597        SH:  4    Dex: 13    Spells: 9/9 levels left

rFire   + . .      SeeInvis +   m - +3 hand axe (elec)
rCold   + . .      Faith    .   H - +0 buckler
rNeg    + + +      Spirit   .   t - +4 chain mail of Absolutism {+Inv rC++ Str-5 Slay+2}
rPois   .          Reflect  .   (helmet restricted)
rElec   .          Harm     .   (no cloak)
rCorr   .          Rampage  .   D - +0 pair of gloves
Will    .....                   r - +0 pair of boots
Stlth   ..........              E - amulet of regeneration
HPRegen 1.12/turn               c - ring of Poupt {Fire rN+++ MP-9 Dex-2 SInv}
MPRegen 0.07/turn               (no ring)

@: berserking, lethally poisoned (-11 -> -85), slowed
A: horns 2, retaliatory headbutt
a: Renounce Religion, Evoke Invisibility, Berserk, Trog's Hand, Brothers in Arms


You were on level 10 of the Dungeon.
You worshipped Trog.
Trog was extremely pleased with you.
You visited 1 branch of the dungeon, and saw 10 of its levels.

You collected 597 gold pieces.

Inventory:

Hand Weapons
 b - a +0 war axe
 m - a +3 hand axe of electrocution (weapon)
 K - a +0 hand axe of holy wrath
Missiles
 v - 3 throwing nets
Armour
 o - a +0 chain mail
 r - a +0 pair of boots (worn)
 t - the +4 chain mail of Absolutism (worn) {+Inv rC++ Str-5 Slay+2}
   (You found it on level 6 of the Dungeon)

   Str:       It affects your strength (-5).
   Slay:      It affects your accuracy & damage with ranged weapons and melee
   (+2).
   rC:        It greatly protects you from cold.
   +Inv:      It lets you turn invisible.
 D - a +0 pair of gloves (worn)
 H - a +0 buckler (worn)
Jewellery
 c - the ring of Poupt (left hand) {Fire rN+++ MP-9 Dex-2 SInv}
   (You found it on level 8 of the Dungeon)

   [ring of fire]

   It enhances your fire magic.
   Dex:       It affects your dexterity (-2).
   rF:        It protects you from fire.
   rC:        It makes you vulnerable to cold.
   rN:        It renders you almost immune to negative energy.
   MP:        It affects your magic capacity (-9).
   SInv:      It lets you see invisible.
 E - an amulet of regeneration (around neck)
 L - a ring of magical power
Wands
 p - a wand of polymorph (6)
 s - a wand of flame (18)
 x - a wand of mindburst (15)
 y - a wand of digging (1) (quivered)
 F - a wand of acid (9)
Scrolls
 a - 4 scrolls of noise
 d - 4 scrolls of holy word
 e - 2 scrolls of brand weapon
 f - a scroll of fear
 h - a scroll of enchant armour
 k - 2 scrolls of enchant weapon
 q - a scroll of magic mapping
 u - 2 scrolls of teleportation
 A - a scroll of fog
 J - a scroll of immolation {unknown}
 M - a scroll of identify
Potions
 g - a potion of invisibility
 i - a potion of heal wounds {unknown}
 j - 3 potions of lignification
 l - 2 potions of flight
 n - a potion of resistance {unknown}
 w - 2 potions of ambrosia {unknown}
 z - 3 potions of magic {unknown}
 B - a potion of curing {unknown}
 C - 2 potions of brilliance {unknown}
 G - a potion of mutation {unknown}
 I - 2 potions of haste {unknown}


   Skills:
 + Level 8.3 Fighting
 + Level 12.2 Axes
 + Level 10.2 Armour
 + Level 3.9 Dodging
 + Level 1.9 Stealth
 + Level 1.3 Shields
 * Level 6.6 Evocations


You had 9 spell levels left.
You didn't know any spells.
Your spell library was empty.

Dungeon Overview and Level Annotations

Branches:
Dungeon (10/15)            Temple (0/1) D:6             Orc (0/2) D:10
   Lair: D:8-11

Altars:
Cheibriados
Dithmenos
Elyvilon
Gozag
Kikubaaqudgha
Okawaru
Uskayaw
Xom
Yredelemnul
Zin

Shops:
D:4 *   D:7 *

Annotations:
D:3 2 transporters, cbfl8's ghost, amateur DsGl
D:10 Sonja


Innate Abilities, Weirdness & Mutations

You have a pair of horns on your head.
You reflexively headbutt those who attack you in melee.


Message History

You slash Sonja! Lightning courses through Sonja! Your headbutt misses Sonja.
Sonja is almost dead.
You feel extremely sick.
Sonja hits you with a +2 dagger of venom.
You are more poisoned.
You block Sonja's attack.
Sonja hits you with a +2 dagger of venom.
You are more poisoned.
You barely miss Sonja. Your headbutt misses Sonja.
Sonja is almost dead.
You feel extremely sick.
Sonja hits you with a +2 dagger of venom.
You are more poisoned.
Sonja hits you but does no damage.
You are more poisoned.
Sonja hits you but does no damage.
You miss Sonja.
Sonja is almost dead.
* * * LOW HITPOINT WARNING * * *
You feel extremely sick.
Sonja shouts, "Hah!
Missed me again!"
Sonja hits you with a +2 dagger of venom.
* * * LOW HITPOINT WARNING * * *
You are more poisoned.
Sonja hits you with a +2 dagger of venom.
* * * LOW HITPOINT WARNING * * *
Sonja hits you but does no damage.
You miss Sonja. Your headbutt misses Sonja.
Sonja is almost dead.
* * * LOW HITPOINT WARNING * * *
You feel extremely sick.
Sonja says, "I'm academy-trained, you know."
Sonja hits you but does no damage.
You are more poisoned.
Sonja hits you but does no damage.
You are more poisoned.
Sonja barely misses you.
You completely miss Sonja.
Sonja is almost dead.
You die...

##(#.###.##########
##.#..#.>#
.<.......#
##.#.....# ###
##.##...## #..
##.###.## #.#
##.###.# #.#
..#.##.# ##########
#.# ##.###.#
#...zzK@.###.##
#### #..
...#####.##...#
.#########..#
#.##...###
............#
#........########
(.....)####
#................
###.))....# #
##.......######## #
#.......#.#
#####...###
#......(#.#
#.......#######
#.........#
#.####..).....#


You could see Sonja and 2 wights.

Vanquished Creatures
  Harold (D:10)
  Urug (D:10)
  A centaur zombie (D:10)
  5 yaks (D:10)
  2 steam dragons
  2 water moccasins (D:6)
  A sky beast (D:6)
  A black bear (D:8)
  3 necrophages
  3 orc warriors
  2 ice beasts
  2 ogres (D:5)
  2 centaurs
  2 kobold brigands
  2 phantoms (D:10)
  2 bullfrogs
  A wyvern zombie (D:9)
  3 troll zombies (D:10)
  19 killer bees
  2 wights (D:10)
  2 howler monkeys (D:9)
  2 bullfrog zombies
  4 jellies
  3 centaur skeletons
  A gnoll shaman (D:7)
  8 orc priests
  Jessica (D:3)
  14 orc wizards
  A killer bee zombie (D:7)
  5 ogre zombies (D:10)
  A hound skeleton (D:4)
  A howler monkey skeleton (D:7)
  3 gnolls (D:7)
  4 adders
  A shadow imp (D:6)
  A white imp (D:5)
  An adder zombie (D:5)
  2 adder skeletons (D:4)
  2 worms (D:2)
  3 dart slugs
  32 orcs
  10 ball pythons
  7 bats
  6 endoplasms
  4 giant cockroaches
  9 goblins
  8 hobgoblins
  4 iguanas
  3 quokkas (D:2)
  2 frilled lizards
  2 goblin skeletons (D:10)
  3 goblin zombies (D:10)
  A hobgoblin skeleton (D:10)
  A hobgoblin zombie (D:10)
  16 kobolds
  3 orc skeletons (D:10)
  15 orc zombies (D:10)
  6 rats
249 creatures vanquished.

Vanquished Creatures (others)
  4 toadstools (D:6)
4 creatures vanquished.

Grand Total: 253 creatures vanquished

Notes
Turn   | Place    | Note
-------+----------+-------------------------------------------
     0 | D:1      | cbfl8 the Minotaur Berserker began the quest for the Orb.
     0 | D:1      | Reached XP level 1. HP: 19/19 MP: 0/0
    46 | D:1      | Reached XP level 2. HP: 7/27 MP: 1/1
   488 | D:1      | Reached skill level 4 in Axes
  1225 | D:1      | Reached XP level 3. HP: 33/33 MP: 2/2
  1361 | D:1      | Reached ** piety under Trog
  2592 | D:2      | Reached skill level 1 in Evocations
  2776 | D:3      | Found a shimmering altar of Xom.
  2792 | D:3      | Reached XP level 4. HP: 29/41 MP: 3/3
  3515 | D:3      | Noticed Jessica
  3520 | D:3      | Killed Jessica
  3544 | D:3      | Reached XP level 5. HP: 47/47 MP: 4/4
  3555 | D:3      | Reached skill level 5 in Axes
  3867 | D:3      | Found a transporter.
  3869 | D:3      | Noticed cbfl8's ghost (amateur DsGl)
  3869 | D:3      | Noticed an ogre
  3870 | D:3      | Found a transporter.
  3872 | D:3      | Identified the +7 dire flail of the Shouting Mosquito
                  | {vorpal, Dex+2}
  3872 | D:3      | Noticed an ogre
  4278 | D:4      | Found a white marble altar of Elyvilon.
  4302 | D:4      | Reached XP level 6. HP: 55/55 MP: 5/5
  4438 | D:4      | Found Tiug's Mass Market.
  4445 | D:4      | Reached *** piety under Trog
  4472 | D:4      | Reached skill level 5 in Fighting
  4472 | D:4      | Reached skill level 6 in Axes
  5017 | D:5      | Entered Level 5 of the Dungeon
  5093 | D:5      | Reached XP level 7. HP: 50/61 MP: 6/6
  5176 | D:5      | Reached skill level 7 in Axes
  5185 | D:5      | Found a shadowy altar of Dithmenos.
  5363 | D:5      | Identified the +9 dagger of Haeddaje {freeze, *Rage Fly
                  | Dex+7 SInv}
  5681 | D:5      | Reached skill level 5 in Armour
  5800 | D:5      | Reached skill level 1 in Stealth
  6110 | D:6      | Reached XP level 8. HP: 61/69 MP: 7/7
  6186 | D:6      | Reached skill level 8 in Axes
  6223 | D:6      | Found a glowing silver altar of Zin.
  6223 | D:6      | Found a snail-covered altar of Cheibriados.
  6231 | D:6      | Found a faded altar of an unknown god.
  6254 | D:6      | Identified the +0 scale mail "Ykhuel" {rC+}
  6430 | D:6      | Found an iron altar of Okawaru.
  6432 | D:6      | Found an opulent altar of Gozag.
  6729 | D:6      | Found a staircase to the Ecumenical Temple.
  6861 | D:6      | Identified the +4 chain mail of Absolutism {+Inv rC++ Str-5
                  | Slay+2}
  6939 | D:7      | Reached **** piety under Trog
  7341 | D:7      | Reached skill level 9 in Axes
  7447 | D:7      | Found Mahugati's General Store.
  7725 | D:8      | Reached XP level 9. HP: 63/77 MP: 8/8
  8027 | D:8      | Reached skill level 5 in Evocations
  8036 | D:8      | Reached skill level 10 in Axes
  8295 | D:8      | Identified the ring of Poupt {Fire rN+++ MP-9 Dex-2 SInv}
  9098 | D:9      | Found a basalt altar of Yredelemnul.
  9135 | D:9      | Reached ***** piety under Trog
  9419 | D:9      | Found a hide-covered altar of Uskayaw.
  9429 | D:9      | Found an ancient bone altar of Kikubaaqudgha.
 10116 | D:10     | Entered Level 10 of the Dungeon
 10134 | D:10     | Reached XP level 10. HP: 83/86 MP: 0/9
 10171 | D:10     | Noticed Harold
 10183 | D:10     | Killed Harold
 10184 | D:10     | Reached skill level 11 in Axes
 10230 | D:10     | Found a staircase to the Orcish Mines.
 10308 | D:10     | Noticed Urug
 10318 | D:10     | Killed Urug
 10418 | D:10     | Reached skill level 1 in Shields
 10756 | D:10     | Reached skill level 12 in Axes
 10756 | D:10     | Reached skill level 10 in Armour
 10932 | D:10     | Noticed Sonja
 10939 | D:10     | HP: 3/132 [poisoned by Sonja]
 10940 | D:10     | Succumbed to Sonja's poison

Illustrated notes

Levels and vault maps discovered:
D:1:      lightli_arrival_lavapool, layout_basic, hex_tiny
D:2:      layout_rooms, minmay_misc_feat_nine_boxes, due_unseen_surprise
D:3:      layout_loops_cross, dk_xom_monty_hall, gammafunk_ghost_smash,
          uniq_jessica
D:4:      layout_basic, elyvilon_altar_3, hangedman_decor_clover_reticule,
          minmay_shop_mass
D:5:      layout_cave_pods, nicolae_dithmenos_shadow_blocks
D:6:      layout_loops_ring, chequers_temple_overflow_minitemple,
          minmay_temple_entry_enclosed_plants, corexii_corridor_pit,
          minmay_gold_behind_fungi
D:7:      layout_loops_cross, serial_shops, nicolae_shop_hallway_plus
D:8:      layout_loops_ring
D:9:      layout_stronghold, mainiacjoe_overflow_concentric_impassable,
          mainiacjoe_overflow_catwalk_spiral
D:10:     layout_loops_ring, zombieorc2_lemuel, uniq_urug, uniq_harold,
          uniq_sonja

Skill      XL: |  1  2  3  4  5  6  7  8  9 10 |
---------------+-------------------------------+-----
Axes           | 4 5 6 7 9 10 12 | 12.2
Fighting       | 4 5 6 7 8 |  8.3
Evocations     | 1 2 3 4 5 6 |  6.6
Armour         | 3 4 5 7 9 10 | 10.2
Dodging        | 3 |  3.9
Stealth        | 1 |  1.9
Shields        | 1 |  1.3

Action                   |  1- 3 |  4- 6 |  7- 9 | 10-12 || total
-------------------------+-------+-------+-------+-------++-------
Melee: Hand axe          |    97 |   111 |   255 |   148 ||   611
       Headbutt          |    16 |    17 |    50 |    29 ||   112
       Punch             |     1 |     1 |     1 |       ||     3
Invok: Berserk           |     1 |       |     1 |     4 ||     6
Evoke: Wand              |       |       |     1 |       ||     1
  Use: Scroll            |       |     6 |    10 |       ||    16
Armor: Animal skin       |    25 |       |       |       ||    25
       Scale mail        |       |     8 |       |       ||     8
       Chain mail        |       |    36 |   148 |    74 ||   258
Dodge: Dodged            |    54 |    28 |    87 |    40 ||   209
Block: Buckler           |       |       |     3 |    15 ||    18
